 Dungeon Crawl Stone Soup version 0.21-a0-270-g8204059 (webtiles) character file.

337576 tilp the Severer (level 21, 0/184 HPs)
             Began as a Hill Orc Fire Elementalist on Sept 11, 2017.
             Was a High Priest of Okawaru.
             Slain by a vampire knight
             ... wielding a +2 battleaxe of flaming
              (11 damage)
             ... while paralysed by a vampire knight
             ... on level 3 of the Vaults on Sept 14, 2017.
             The game lasted 06:13:52 (80122 turns).

tilp the Severer (Hill Orc Fire Elementalist)      Turns: 80122, Time: 06:13:53

Health: 0/184      AC: 27    Str: 19    XL:     21   Next: 92%
Magic:  34/36      EV:  2    Int: 36    God:    Okawaru [*****.]
Gold:   1479       SH:  0    Dex: 11    Spells: 3/42 levels left

rFire    + . .     SeeInvis .   n - +11 battleaxe of tilp's Fortitude {chop, rF+ rC+ MR+ Stlth+}
rCold    + + .     Gourm    .   (shield currently unavailable)
rNeg     . . .     Faith    .   I - +8 scale mail of the Loofah {+Inv rF- MR- Int+8}
rPois    +         Spirit   .   B - +2 helmet of Ymeconno {rElec}
rElec    +         Reflect  +   x - +2 cloak {rPois}
rCorr    .         Harm     .   g - +0 pair of gloves of Vueleud {Str+5}
MR       +....                  S - +0 pair of boots {run}
Stlth    +.........             T - +6 amulet of reflection
HPRegen  0.40/turn              N - ring "Rocus" {rPois rC+ MP+9}
MPRegen  0.25/turn              l - ring of Homupnosu {rElec rF+ MP-9 Int+6}

@: paralysed, quick
A: mutation resistance 1
}: 2/15 runes: serpentine, barnacled
a: Heroism, Finesse, Renounce Religion, Evoke Invisibility


You were on level 3 of the Vaults.
You worshipped Okawaru.
Okawaru was extremely pleased with you.
You were not hungry.

You visited 9 branches of the dungeon, and saw 40 of its levels.
You visited the Abyss 1 time.

You collected 4598 gold pieces.
You spent 3119 gold pieces at shops.

Inventory:

Hand Weapons
 n - the +11 battleaxe of tilp's Fortitude (weapon) {chop, rF+ rC+ MR+ Stlth+}
   (Okawaru gifted it to you on level 2 of the Orcish Mines)

   It inflicts extra damage upon your enemies.
   It protects you from fire.
   It protects you from cold.
   It affects your resistance to hostile enchantments.
   It makes you more stealthy.
 V - the +4 executioner's axe "Milor" {chop, Int+2 SInv}
   (Okawaru gifted it to you on level 3 of the Shoals)

   It inflicts extra damage upon your enemies.
   It affects your intelligence (+2).
   It lets you see invisible.
Armour
 g - the +0 pair of gloves of Vueleud (worn) {Str+5}
   (You found it on level 1 of the Vaults)

   It affects your strength (+5).
 x - a +2 cloak of poison resistance (worn)
 B - the +2 helmet of Ymeconno (worn) {rElec}
   (You found it on level 2 of the Elven Halls)

   It insulates you from electricity.
 I - the +8 scale mail of the Loofah (worn) {+Inv rF- MR- Int+8}
   (You found it on level 5 of the Dungeon)

   It affects your intelligence (+8).
   It makes you vulnerable to fire.
   It affects your resistance to hostile enchantments.
   It lets you turn invisible.
 S - a +0 pair of boots of running (worn)
Jewellery
 l - the ring of Homupnosu (right hand) {rElec rF+ MP-9 Int+6}
   (You found it on level 6 of the Lair of Beasts)

   [ring of protection from fire]

   It affects your intelligence (+6).
   It protects you from fire.
   It insulates you from electricity.
   It affects your magic capacity (-9).
 N - the ring "Rocus" (left hand) {rPois rC+ MP+9}
   (You bought it in a shop on level 1 of the Snake Pit)

   [ring of magical power]

   It protects you from cold.
   It protects you from poison.
   It affects your magic capacity (+9).
 Q - an uncursed ring of positive energy
 T - a +6 amulet of reflection (around neck)
 Y - an uncursed ring of protection from magic
Wands
 i - a wand of scattershot (6/9)
 j - a wand of polymorph (9/24)
 q - a wand of disintegration (16/24)
 C - a wand of digging (6/24)
 J - a wand of acid (9/15)
 P - a wand of clouds (3/9)
Scrolls
 a - 2 scrolls of fear
 k - 6 scrolls of teleportation
 o - 6 scrolls of recharging
 u - 3 scrolls of summoning
 v - 14 scrolls of remove curse
 w - 2 scrolls of blinking
 A - a scroll of holy word
 E - 5 scrolls of fog
 H - 3 scrolls of magic mapping
 O - 20 scrolls of identify
Potions
 b - 7 potions of brilliance
 c - a potion of cancellation
 d - 5 potions of flight
 h - 8 potions of curing
 p - 3 potions of berserk rage
 r - 8 potions of agility
 t - 4 potions of invisibility
 z - a potion of heal wounds
 G - 4 potions of might
 U - a potion of haste
 W - 2 potions of magic
 X - 3 potions of resistance
Miscellaneous
 e - a phial of floods
 m - 2 boxes of beasts
 y - a lightning rod (4/4)
 D - a phantom mirror
 M - a lamp of fire
Comestibles
 s - 14 bread rations


   Skills:
 - Level 15.3 Fighting
 - Level 20.2(20.5) Axes
   Level 6.0(13.0) Polearms
 - Level 12.0 Armour
 + Level 10.7 Dodging
 - Level 1.6 Stealth
 - Level 11.1 Spellcasting
 + Level 15.5 Conjurations
 + Level 16.8 Fire Magic
 - Level 10.0 Invocations
 - Level 8.0 Evocations


You had 3 spell levels left.
You knew the following spells:

 Your Spells              Type           Power        Failure   Level  Hunger
a - Iskenderun's Battles  Conj/Chrm      ######..     5%          5    None
b - Throw Flame           Conj/Fire      ######       0%          2    None
c - Conjure Flame         Conj/Fire      #######.     1%          3    None
d - Sticky Flame          Conj/Fire      #######.     1%          4    None
e - Fireball              Conj/Fire      #######...   1%          5    None
f - Animate Skeleton      Necr           N/A          4%          1    None
g - Apportation           Tloc           ###...       4%          1    None
k - Throw Icicle          Conj/Ice       ######..     1%          4    None
l - Ignition              Fire           #######...   30%         8    #######
m - Bolt of Fire          Conj/Fire      #######...   1%          6    ####...


Dungeon Overview and Level Annotations

Branches:
Dungeon (15/15)            Temple (1/1) D:4            Lair (6/6) D:11
 Shoals (4/4) Lair:4        Snake (4/4) Lair:4        Slime (0/5) Lair:6
    Orc (2/2) D:9             Elf (3/3) Orc:2        Vaults (4/5) D:14
  Crypt (1/3) Vaults:3     Depths (0/5) D:15

Altars:
Ashenzari
Cheibriados
Dithmenos
Elyvilon
Fedhas
Gozag
Hepliaklqana
Kikubaaqudgha
Makhleb
Nemelex Xobeh
Okawaru
Qazlal
Ru
Sif Muna
Trog
Uskayaw
Vehumet
Wu Jian
Xom
Yredelemnul
Zin
The Shining One
Beogh

Shops:
D:6 *   D:14 }   Orc:2 [?:?   Elf:2 *   Shoals:1 *!   Snake:1 }}=   Snake:2 !(:
Vaults:1 ?[=   Vaults:2 ?   Vaults:3 [

Portals:
Trove: Vaults:3 (give 17 potions of curing)

Annotations:
Shoals:2 exclusion: kraken
Snake:3 1 transporter
Elf:2 3 runed doors
Elf:3 ice fiend
Vaults:2 Mennas on RHS of level, Mennas


Innate Abilities, Weirdness & Mutations

You are somewhat resistant to further mutation.


Message History

The vampire knight hits you with a battleaxe of flaming.
* * * LOW HITPOINT WARNING * * *
The vampire knight burns you.
* * * LOW HITPOINT WARNING * * *
The vampire knight bites you but does no damage.
The vampire knight burns!
The vampire knight hits you with a battleaxe of flaming.
* * * LOW HITPOINT WARNING * * *
The vampire knight burns you.
* * * LOW HITPOINT WARNING * * *
The vampire knight bites you but does no damage.
The vampire knight burns!
Something hits you!!
* * * LOW HITPOINT WARNING * * *
Something burns you.
* * * LOW HITPOINT WARNING * * *
Something bites you but does no damage. Something hits you.
* * * LOW HITPOINT WARNING * * *
Something bites you!
You die...

.......# #......<...#
.......# #...^......#
.......# #########[######
######## #.........[.#
##########...##'##)..#
.........#.###...###.########
.........#.#.......#((......#
.........#.#...>...#)#(.....#
...[.....#.#....@..#(#......#
....[....#.###...###(#......#
####[....#...#####...#......#
.# #.....'...........#......#
.# #.....#############......#
.# #.....# #......# .#
#.....######## ######## .#
#.....#.(.(..#### ##
#(....#).(......#


There were no monsters in sight!

Vanquished Creatures
  Asterion (Elf:3)
  2 tentacled starspawn (Abyss:3)
  A sphinx (Vaults:4)
  A shadow dragon (Vaults:4)
  A tengu reaver (Vaults:4)
  Ilsuiw (Shoals:4)
  A fire giant (Vaults:3)
  13 nagarajas
  Donald (Shoals:1)
  A frost giant (Shoals:4)
  A deep elf sorcerer (Elf:2)
  5 vault wardens
  A deep elf elementalist (Elf:1)
  3 stone giants (Vaults:4)
  10 ironheart preservers
  A very ugly thing (Vaults:4)
  2 deep elf demonologists
  A dire elephant (D:15)
  4 merfolk javelineers
  4 ettins
  10 merfolk impalers
  2 deep elf death magi (Vaults:3)
  2 great orbs of eyes
  11 yaktaur captains
  A fire dragon (Vaults:1)
  5 ice dragons
  11 naga warriors
  A rakshasa (Vaults:3)
  6 hydras
  13 vault guards
  Erolcha (D:11)
  Erica (D:8)
  9 centaur warriors
  19 anacondas
  8 ogre magi
  17 dancing weapons
  A satyr (Shoals:3)
  A deep troll shaman (Vaults:3)
  2 merfolk aquamancers
  8 merfolk avatars
  A tengu warrior (D:14)
  13 two-headed ogres
  3 alligator snapping turtles
  3 death yaks (Lair:6)
  A vampire mage (Vaults:3)
  11 naga sharpshooters
  A thrashing horror (Abyss:3)
  Urug (Orc:1)
  4 shock serpents
  An orc high priest (Elf:2)
  17 deep elf knights
  3 hell knights
  A soul eater (Crypt:1)
  Nergalle (Orc:2)
  A wretched star (Abyss:3)
  A shadow wraith (Vaults:3)
  5 skeletal warriors (Vaults:2)
  4 salamander mystics
  A glowing orange brain (shapeshifter) (Elf:2)
  6 deep trolls
  10 sea snakes
  3 unseen horrors
  4 flayed ghosts
  4 wizards
  A lindwurm (Lair:5)
  4 naga ritualists
  23 deep elf archers
  6 orc knights
  4 necromancers
  13 ironbrand convokers
  25 harpies
  53 deep elf magi
  11 ugly things
  4 wolf spiders
  The ghost of Slowdrip the Skirmisher, a novice HaGl of Fedhas (D:5)
  A cyclops (shapeshifter) (Vaults:1)
  9 orc sorcerers
  14 mana vipers
  An orb spider (shapeshifter) (Vaults:1)
  2 salamanders (shapeshifter)
  16 manticores
  15 fauns
  13 salamanders
  5 elephants (Lair:6)
  5 cyclopes
  3 merfolk sirens
  16 naga magi
  Maurice (D:11)
  10 vault sentinels
  15 guardian serpents
  2 gargoyles (D:15)
  A guardian serpent (shapeshifter) (D:14)
  2 human skeletons (Vaults:1)
  A molten gargoyle (Lair:6)
  7 water nymphs
  30 black mambas
  2 smoke demons (Abyss:3)
  14 spiny frogs
  5 rime drakes
  A redback zombie (Crypt:1)
  8 freezing wraiths
  20 yaktaurs
  A tengu conjurer (D:14)
  4 komodo dragons
  7 trolls
  2 ancient zymes (Abyss:3)
  A wind drake (shapeshifter) (Vaults:1)
  8 hornets
  6 meliai
  3 wind drakes
  A polar bear (Lair:6)
  A queen bee (D:13)
  29 merfolk
  Grinder (D:6)
  A harpy skeleton (D:15)
  2 harpy zombies (Shoals:4)
  A hippogriff (shapeshifter) (Vaults:1)
  8 dream sheep
  4 raiju (Abyss:3)
  15 slime creatures
  15 blink frogs
  13 hippogriffs
  13 snapping turtles
  A human simulacrum (Vaults:3)
  A centaur simulacrum (D:14)
  3 large abominations (Abyss:3)
  2 redbacks (Lair:6)
  A spriggan (shapeshifter) (D:14)
  14 water elementals
  2 air elementals
  17 wyverns
  28 yaks
  2 fire bats (Lair:6)
  3 wraiths
  Eustachio (D:4)
  2 basilisks
  2 shadows
  4 fire elementals
  A basilisk (shapeshifter) (D:15)
  A yaktaur simulacrum (Vaults:1)
  3 wargs
  39 nagas
  5 hungry ghosts
  2 insubstantial wisps (Abyss:3)
  An acid dragon (D:11)
  3 hell hounds (Abyss:3)
  9 porcupines
  22 water moccasins
  An ettin simulacrum (Vaults:3)
  6 ice beasts
  29 orc warriors
  8 sky beasts
  7 phantoms
  2 black bears
  3 boggarts (Vaults:1)
  An elf skeleton (Vaults:1)
  20 ogres
  4 wolves (Lair:3)
  17 centaurs
  14 crocodiles
  3 big kobolds
  20 bullfrogs
  5 earth elementals
  3 hippogriff zombies (Shoals:4)
  2 wyvern skeletons
  3 scorpions
  27 killer bees (D:13)
  10 wights
  3 electric eels
  4 howler monkeys
  3 crimson imps
  A bullfrog zombie (D:6)
  5 centaur zombies
  8 hounds
  7 jellies
  20 orc priests
  5 centaur skeletons
  8 iguanas
  37 orc wizards
  4 yak simulacra (Lair:4)
  10 worker ants
  4 wolf simulacra (Lair:4)
  A killer bee zombie (D:9)
  A polar bear simulacrum (Lair:4)
  8 ogre zombies (D:9)
  A small abomination (Abyss:3)
  A hound zombie (D:8)
  A hound skeleton (D:3)
  Robin (D:3)
  A worker ant zombie (D:11)
  3 gnolls (D:3)
  11 adders
  4 shadow imps
  3 white imps (Lair:6)
  14 oozes
  An adder zombie (D:4)
  4 worms (D:2)
  A dart slug (D:1)
  4 leopard geckos
  88 orcs
  4 giant cockroaches
  11 hobgoblins
  15 jackals
  7 quokkas
  7 bats
  2 frilled lizards
  10 goblins
  2 goblin skeletons (D:9)
  2 goblin zombies (D:9)
  A hobgoblin skeleton (D:9)
  3 hobgoblin zombies (D:9)
  2 jackal zombies
  13 kobolds
  2 leopard gecko skeletons (D:6)
  5 orc skeletons
  14 orc zombies (D:9)
  6 rats
  2 river rat simulacra (Lair:4)
  20 plants
  A starspawn tentacle (Abyss:3)
1534 creatures vanquished.

Vanquished Creatures (collateral kills)
  2 yaktaurs (Vaults:3)
  An orc (Vaults:3)
3 creatures vanquished.

Vanquished Creatures (others)
  2 merfolk javelineers
  A naga sharpshooter (Snake:3)
  A faun (Shoals:2)
  2 cyclopes
  2 deep elf magi
  An air elemental (Elf:1)
  A centaur (D:10)
  An orc (Orc:2)
  11 fungi
  39 plants
  3 starspawn tentacles (Abyss:3)
  28 tentacles (Shoals:3)
92 creatures vanquished.

Grand Total: 1629 creatures vanquished

Notes
Turn   | Place    | Note
-------+----------+-------------------------------------------
     0 | D:1      | tilp the Hill Orc Fire Elementalist began the quest for the Orb.
     0 | D:1      | Reached XP level 1. HP: 14/14 MP: 3/3
   271 | D:1      | Reached XP level 2. HP: 20/20 MP: 2/4
   283 | D:1      | Learned a level 2 spell: Throw Flame
   964 | D:2      | Reached XP level 3. HP: 23/26 MP: 0/5
  1455 | D:2      | Reached XP level 4. HP: 33/33 MP: 3/6
  1774 | D:2      | Found a burning altar of Makhleb.
  2053 | D:3      | Learned a level 3 spell: Conjure Flame
  2373 | D:3      | Found a radiant altar of Vehumet.
  2459 | D:3      | Found a snail-covered altar of Cheibriados.
  2535 | D:3      | Noticed Robin
  2617 | D:3      | Reached XP level 5. HP: 33/38 MP: 0/8
  2715 | D:3      | Killed Robin
  3390 | D:4      | Noticed an ogre
  3398 | D:4      | Killed an ogre
  3398 | D:4      | Reached XP level 6. HP: 45/45 MP: 0/10
  3462 | D:4      | Reached skill level 5 in Fire Magic
  3607 | D:4      | Found a staircase to the Ecumenical Temple.
  3659 | Temple   | Entered the Ecumenical Temple
  3666 | Temple   | Became a worshipper of Warmaster Okawaru
  4017 | D:4      | Reached XP level 7. HP: 50/50 MP: 5/11
  4066 | D:4      | Noticed Eustachio
  4459 | D:5      | Entered Level 5 of the Dungeon
  4868 | D:5      | Reached * piety under Okawaru
  4868 | D:5      | Reached skill level 5 in Conjurations
  5081 | D:5      | Found Meegaiveyll's Distillery.
  5189 | D:5      | Bought a potion of curing for 36 gold pieces
  5189 | D:5      | Bought a potion of heal wounds for 60 gold pieces
  5189 | D:5      | Bought a potion of heal wounds for 60 gold pieces
  5206 | D:5      | Found a bloodstained altar of Trog.
  5273 | D:5      | Got a faintly glowing scale mail
  5284 | D:5      | Identified the +8 scale mail of the Loofah {+Inv rF- MR- Int+8} (You found it on level 5 of the Dungeon)
  5289 | D:5      | Learned a level 4 spell: Sticky Flame
  5517 | D:5      | Noticed Slowdrip's ghost (novice HaGl)
  5876 | D:6      | Reached XP level 8. HP: 57/57 MP: 13/13
  6248 | D:6      | Reached ** piety under Okawaru
  6527 | D:6      | Found Yciwk's General Store.
  6623 | D:6      | Noticed Grinder
  6674 | D:6      | Paralysed by Grinder for 5 turns
  6684 | D:6      | Killed Grinder
  6684 | D:6      | Reached skill level 5 in Spellcasting
  6684 | D:6      | Reached XP level 9. HP: 34/62 MP: 1/16
  6691 | D:6      | Learned a level 5 spell: Fireball
  6897 | D:6      | Found a sacrificial altar of Ru.
  7957 | D:7      | Reached *** piety under Okawaru
  8175 | D:7      | Reached skill level 1 in Invocations
  8178 | D:7      | Gained mutation: Your spells are a little easier to cast, but a little less powerful. [mutagenic meat]
  8179 | D:7      | Gained mutation: Your flesh is heat resistant. (rF+) [mutagenic meat]
  8180 | D:7      | Gained mutation: You are surrounded by a mild repulsion field. (EV +2) [mutagenic meat]
  8219 | D:7      | Reached skill level 1 in Fighting
  8575 | D:8      | Noticed Erica
  8598 | D:8      | You fall through a shaft!
  8910 | D:9      | Found a staircase to the Orcish Mines.
  8949 | D:9      | Reached XP level 10. HP: 66/77 MP: 4/19
  8975 | D:9      | Found a shadowy altar of Dithmenos.
  8975 | D:9      | Found a faded altar of an unknown god.
  9047 | D:9      | Found a sparkling altar of Nemelex Xobeh.
  9062 | D:9      | Found a shattered altar of Ashenzari.
  9073 | D:9      | Found a faded altar of an unknown god.
  9548 | D:9      | Reached skill level 5 in Invocations
  9789 | D:8      | Killed Erica
  9789 | D:8      | Reached **** piety under Okawaru
  9789 | D:8      | Reached skill level 5 in Fighting
 10160 | D:8      | Found a blossoming altar of Fedhas.
 10160 | D:8      | Found a deep blue altar of Sif Muna.
 11044 | D:9      | Learned a level 1 spell: Animate Skeleton
 11046 | D:9      | Learned a level 1 spell: Apportation
 11083 | D:10     | Entered Level 10 of the Dungeon
 11125 | D:10     | Found a blossoming altar of Fedhas.
 11308 | D:10     | Noticed a two-headed ogre
 11314 | D:10     | Killed a two-headed ogre
 11644 | D:10     | Reached XP level 11. HP: 92/92 MP: 11/21
 11659 | D:10     | Reached ***** piety under Okawaru
 11714 | D:10     | Noticed a two-headed ogre
 11725 | D:10     | Killed a two-headed ogre
 12314 | D:11     | Found a frozen archway.
 12498 | D:11     | Noticed Maurice
 12512 | D:11     | Killed Maurice
 12807 | D:11     | Received a gift from Okawaru
 12810 | D:11     | Got a slimy spear {god gift}
 12811 | D:11     | Identified the +8 spear of Seqyemoc {protect, +Blink rPois Dex+4} (Okawaru gifted it to you on level 11 of the Dungeon)
 12855 | D:11     | Noticed a red ugly thing
 12867 | D:11     | Killed a red ugly thing
 12867 | D:11     | Reached skill level 1 in Evocations
 12883 | D:11     | Gained mutation: You are somewhat resistant to further mutation. [mutagenic meat]
 13209 | D:11     | Noticed Erolcha
 13218 | D:11     | Killed Erolcha
 13286 | D:11     | Noticed an unseen horror
 13290 | D:11     | Killed an unseen horror
 13370 | D:11     | Noticed an unseen horror
 13377 | D:11     | Killed an unseen horror
 13377 | D:11     | Reached XP level 12. HP: 86/106 MP: 14/24
 13450 | D:11     | Reached skill level 10 in Fighting
 13574 | D:11     | Found a staircase to the Lair.
 13789 | Lair:1   | Entered Level 1 of the Lair of Beasts
 13912 | D:12     | Noticed a four-headed hydra
 13920 | D:12     | Killed a two-headed hydra
 13920 | D:12     | Reached skill level 1 in Polearms
 14409 | D:12     | Received a gift from Okawaru
 15185 | D:13     | Reached skill level 5 in Evocations
 15449 | D:13     | Noticed a centaur warrior
 15458 | D:13     | Killed a centaur warrior
 15750 | D:13     | Reached skill level 5 in Polearms
 17303 | Lair:2   | Reached XP level 13. HP: 103/113 MP: 26/26
 17851 | Lair:2   | Received a gift from Okawaru
 18100 | Lair:2   | Reached skill level 10 in Spellcasting
 19005 | Lair:3   | Got a pitted rapier
 19006 | Lair:3   | Identified the cursed +1 rapier "Bagasmos" {pierce, +Inv rF+ Int+3 Dex+4} (You found it on level 3 of the Lair of Beasts)
 19799 | D:5      | Bought a potion of resistance for 120 gold pieces
 19799 | D:5      | Bought a potion of ambrosia for 96 gold pieces
 19799 | D:5      | Bought a potion of resistance for 120 gold pieces
 19799 | D:5      | Bought a potion of brilliance for 48 gold pieces
 19799 | D:5      | Bought a potion of flight for 36 gold pieces
 19799 | D:5      | Bought a potion of berserk rage for 60 gold pieces
 19832 | D:5      | Killed Slowdrip's ghost
 19921 | D:6      | Bought a potion of heal wounds for 65 gold pieces
 19921 | D:6      | Bought a bread ration for 65 gold pieces
 19921 | D:6      | Bought a potion of invisibility for 104 gold pieces
 19921 | D:6      | Bought a potion of invisibility for 104 gold pieces
 19921 | D:6      | Bought a potion of curing for 39 gold pieces
 20043 | D:4      | Killed Eustachio
 20420 | Lair:4   | Found a staircase to the Snake Pit.
 20508 | Lair:4   | Reached skill level 1 in Armour
 20788 | Lair:4   | Reached skill level 5 in Dodging
 21102 | Lair:4   | Found a staircase to the Shoals.
 21530 | Lair:5   | Received a gift from Okawaru
 22166 | Lair:5   | Learned a level 1 spell: Freeze
 22169 | Lair:5   | Learned a level 2 spell: Throw Frost
 22910 | Lair:1   | Identified a scroll of acquirement
 23015 | Orc:1    | Entered Level 1 of the Orcish Mines
 23015 | Orc:1    | Found an iron altar of Okawaru.
 23022 | Orc:1    | Noticed Urug
 23026 | Orc:1    | Killed Urug
 23758 | Orc:2    | Entered Level 2 of the Orcish Mines
 23909 | Orc:2    | Reached XP level 14. HP: 101/121 MP: 28/28
 24600 | Orc:2    | Found a roughly hewn altar of Beogh.
 24769 | Orc:2    | Found a staircase to the Elven Halls.
 25860 | Orc:2    | Paralysed by an orc sorcerer for 3 turns
 25883 | Orc:2    | Received a gift from Okawaru
 25883 | Orc:2    | Reached skill level 5 in Armour
 25884 | Orc:2    | Found the +2 pair of boots of the Assassin {Detection Stab+ Stlth++}
 25958 | Orc:2    | Found Naremn's Magic Scroll Shoppe.
 26015 | Orc:2    | Bought a scroll of identify for 30 gold pieces
 26015 | Orc:2    | Bought a scroll of identify for 30 gold pieces
 26032 | Orc:2    | Found an ancient bone altar of Kikubaaqudgha.
 26047 | Orc:2    | Paralysed by an orc sorcerer for 7 turns
 26361 | Orc:2    | Noticed Nergalle
 26716 | Orc:2    | Killed Nergalle
 26842 | Orc:2    | Found Ziphan Peegi's Book Emporium.
 27197 | Orc:2    | Found a radiant altar of Vehumet.
 27217 | Orc:2    | Found a roughly hewn altar of Beogh.
 27217 | Orc:2    | Found Haarrorch's Antique Armour Shoppe.
 27225 | Orc:2    | Found Sabboiw's Magic Scroll Emporium.
 27263 | Orc:2    | Bought a dazzling ring mail for 162 gold pieces
 27263 | Orc:2    | Bought a smoking leather armour for 126 gold pieces
 27277 | Orc:2    | Bought a scroll of identify for 32 gold pieces
 27277 | Orc:2    | Bought a scroll of identify for 32 gold pieces
 27277 | Orc:2    | Bought a scroll of identify for 32 gold pieces
 27277 | Orc:2    | Bought a scroll of identify for 32 gold pieces
 27277 | Orc:2    | Bought a scroll of identify for 32 gold pieces
 27277 | Orc:2    | Bought a scroll of identify for 32 gold pieces
 27277 | Orc:2    | Bought a scroll of remove curse for 48 gold pieces
 27302 | Orc:2    | Identified the +1 ring mail of Liberty {rElec Slay+3 Stlth+} (You bought it in a shop on level 2 of the Orcish Mines)
 27312 | Orc:2    | Identified the +0 leather armour of the Rose {Str+3 Slay+2} (You bought it in a shop on level 2 of the Orcish Mines)
 27599 | Lair:6   | Entered Level 6 of the Lair of Beasts
 28220 | Lair:6   | Reached skill level 1 in Axes
 28462 | Lair:6   | Reached skill level 2 in Axes
 28800 | Lair:6   | Reached skill level 3 in Axes
 29087 | Lair:6   | Reached skill level 4 in Axes
 29161 | Lair:6   | Reached skill level 10 in Fire Magic
 29369 | Lair:6   | Received a gift from Okawaru
 29730 | Lair:6   | Found a staircase to the Slime Pits.
 29955 | Lair:6   | Reached skill level 5 in Axes
 30015 | Lair:6   | Reached XP level 15. HP: 122/126 MP: 17/30
 30101 | Lair:6   | Got a fine platinum ring
 30123 | Lair:6   | Identified the ring of Homupnosu {rElec rF+ MP-9 Int+6} (You found it on level 6 of the Lair of Beasts)
 30623 | Lair:6   | Reached skill level 6 in Axes
 30744 | Lair:6   | Reached skill level 10 in Conjurations
 31164 | Snake:1  | Entered Level 1 of the Snake Pit
 31896 | Snake:1  | Reached skill level 7 in Axes
 32701 | Snake:1  | Identified the Collected Works on the Mutagenic Voyage
 33255 | Snake:1  | Found Ineb's Gadget Emporium.
 33256 | Snake:1  | Found Yroekhly's Jewellery Boutique.
 33257 | Snake:1  | Found Doicsiople's Gadget Emporium.
 33271 | Snake:1  | Bought the ring "Rocus" {rPois rC+ MP+9} for 611 gold pieces
 34324 | Snake:2  | Reached skill level 8 in Axes
 34557 | Snake:2  | Received a gift from Okawaru
 34650 | Snake:2  | Found Fyrid's Weapon Emporium.
 35373 | Snake:2  | Found Visiha's Book Boutique.
 35689 | Snake:2  | Found Edick's Distillery.
 35702 | Snake:2  | Reached skill level 9 in Axes
 35721 | Snake:2  | Bought a potion of magic for 136 gold pieces
 36070 | Snake:3  | Received a gift from Okawaru
 36754 | Snake:3  | Reached skill level 10 in Axes
 36754 | Snake:3  | Reached XP level 16. HP: 119/134 MP: 23/31
 37527 | Snake:3  | Got a dazzling scimitar {flame}
 37528 | Snake:3  | Identified the +4 scimitar "Qerhuvig" {flame, +Blink rF++ rN+ Int+4} (You took it off a salamander mystic on level 3 of the Snake Pit)
 37744 | Snake:3  | Noticed a nagaraja
 38121 | Snake:3  | Killed a nagaraja
 38690 | Snake:3  | Found a transporter.
 38698 | Snake:3  | Found a radiant altar of Vehumet.
 38893 | Snake:3  | Received a gift from Okawaru
 39389 | Lair:1   | Learned a level 4 spell: Iskenderun's Mystic Blast
 39394 | Lair:1   | Learned a level 4 spell: Throw Icicle
 39463 | Shoals:1 | Entered Level 1 of the Shoals
 39479 | Shoals:1 | Reached skill level 11 in Axes
 40322 | Shoals:1 | Upgraded the game from 0.21-a0-265-gb353147 to 0.21-a0-270-g8204059
 40416 | Shoals:1 | Found Zeomano's Distillery.
 40892 | Shoals:1 | Noticed Donald
 40916 | Shoals:1 | Killed Donald
 41250 | Shoals:1 | Found Azutuxt's Assorted Antiques.
 41752 | Shoals:2 | Received a gift from Okawaru
 41874 | Shoals:2 | Reached skill level 12 in Axes
 42573 | Shoals:2 | Noticed a kraken
 44400 | Shoals:3 | Reached XP level 17. HP: 98/140 MP: 16/32
 44441 | Shoals:3 | Lost mutation: You are somewhat resistant to further mutation. [potion of mutation]
 44441 | Shoals:3 | Lost mutation: Your flesh is heat resistant. (rF+) [potion of mutation]
 44441 | Shoals:3 | Lost mutation: You are surrounded by a mild repulsion field. (EV +2) [potion of mutation]
 44441 | Shoals:3 | Gained mutation: You are frail. (-10% HP) [potion of mutation]
 44441 | Shoals:3 | Gained mutation: You are somewhat resistant to further mutation. [potion of mutation]
 44553 | Lair:1   | Lost mutation: Your spells are a little easier to cast, but a little less powerful. [potion of mutation]
 44553 | Lair:1   | Lost mutation: You are frail. (-10% HP) [potion of mutation]
 44787 | Shoals:3 | Noticed a kraken
 44905 | Shoals:3 | Reached skill level 13 in Axes
 44907 | Shoals:3 | HP: 1/140 [merfolk/tomahawk (8)]
 45327 | Shoals:3 | Received a gift from Okawaru
 45541 | Shoals:3 | Noticed a kraken
 47331 | D:14     | Found a gate to the Vaults.
 47648 | D:14     | Found Emelagoi's Gadget Emporium.
 47685 | D:14     | Received a gift from Okawaru
 47697 | D:14     | Identified a +0 pair of boots of running (Okawaru gifted it to you on level 14 of the Dungeon)
 48117 | D:14     | Reached skill level 14 in Axes
 48563 | D:15     | Entered Level 15 of the Dungeon
 48722 | D:15     | Reached ****** piety under Okawaru
 48764 | D:15     | Reached skill level 15 in Fire Magic
 49341 | D:15     | Found a staircase to the Depths.
 49723 | D:15     | Learned a level 5 spell: Bolt of Magma
 50256 | Snake:4  | Entered Level 4 of the Snake Pit
 51282 | Snake:4  | Reached skill level 15 in Axes
 51555 | Snake:4  | Received a gift from Okawaru
 51914 | Snake:4  | Reached XP level 18. HP: 122/149 MP: 33/33
 52313 | Snake:4  | HP: 6/151 [guardian serpent (13)]
 53109 | Snake:4  | Got a faintly glowing robe
 53188 | Snake:4  | Reached skill level 16 in Axes
 54743 | Snake:4  | Identified the +1 robe of the Blue Moon {rElec rN+ Str-4 Slay+5} (You took it off a salamander on level 4 of the Snake Pit)
 54871 | Snake:4  | Received a gift from Okawaru
 55761 | Snake:4  | Reached skill level 17 in Axes
 55967 | Snake:4  | Got a serpentine rune of Zot
 56286 | Vaults:1 | Entered Level 1 of the Vaults
 56542 | Vaults:1 | Found Oroliock's Jewellery Emporium.
 56543 | Vaults:1 | Found Huiwij's Armour Boutique.
 57014 | Vaults:1 | Got a pair of distressingly furry gloves
 57177 | Vaults:1 | Identified the +0 pair of gloves of Vueleud {Str+5} (You found it on level 1 of the Vaults)
 57783 | Vaults:1 | Found Remif's Magic Scroll Shoppe.
 57998 | Vaults:1 | Reached XP level 19. HP: 167/167 MP: 23/34
 58779 | Vaults:2 | Reached skill level 18 in Axes
 58960 | Vaults:2 | Received a gift from Okawaru
 59050 | Vaults:2 | Noticed Mennas
 59979 | Vaults:2 | Reached skill level 15 in Fighting
 60854 | Vaults:2 | Found Kywill's Magic Scroll Emporium.
 60967 | Vaults:3 | Cast into level 2 of the Abyss (a deep elf demonologist)
 61130 | Abyss:3  | Learned a level 6 spell: Bolt of Fire
 61358 | Abyss:3  | Reached skill level 19 in Axes
 61614 | Vaults:3 | Escaped the Abyss
 61633 | Vaults:2 | HP: 7/170 [hellion/damnation[an ironheart preserver] (30)]
 62523 | Vaults:3 | Received a gift from Okawaru
 63493 | Vaults:3 | Found a staircase to the Crypt.
 63509 | Vaults:3 | Reached XP level 20. HP: 162/178 MP: 30/35
 63514 | Vaults:3 | Reached skill level 20 in Axes
 64024 | Vaults:3 | Received a gift from Okawaru
 64035 | Vaults:3 | Reached skill level 10 in Armour
 64722 | Shoals:3 | Got a scorched executioner's axe {god gift}
 64723 | Shoals:3 | Identified the +4 executioner's axe "Milor" {chop, Int+2 SInv} (Okawaru gifted it to you on level 3 of the Shoals)
 65416 | Vaults:3 | Found Befem's Armour Shoppe.
 66505 | Vaults:3 | Received a gift from Okawaru
 66826 | Vaults:3 | Found a portal to a secret trove of treasure.
 68290 | Vaults:4 | Received a gift from Okawaru
 68291 | Vaults:4 | Got a transparent plate armour {god gift}
 68302 | Vaults:4 | Identified the +10 plate armour of the Dice {rC+ rN+ Int+4} (Okawaru gifted it to you on level 4 of the Vaults)
 70291 | Orc:2    | Bought a scroll of blinking for 112 gold pieces
 70291 | Orc:2    | Bought a scroll of teleportation for 45 gold pieces
 70291 | Orc:2    | Bought a scroll of teleportation for 45 gold pieces
 70291 | Orc:2    | Bought a scroll of teleportation for 45 gold pieces
 70291 | Orc:2    | Bought a scroll of magic mapping for 52 gold pieces
 70291 | Orc:2    | Bought a scroll of teleportation for 45 gold pieces
 70291 | Orc:2    | Bought a scroll of enchant weapon for 112 gold pieces
 70291 | Orc:2    | Bought a scroll of teleportation for 45 gold pieces
 70772 | Shoals:4 | Entered Level 4 of the Shoals
 70848 | Shoals:4 | Reached skill level 10 in Invocations
 70985 | Shoals:4 | Got an ichor-stained falchion
 70986 | Shoals:4 | Identified the cursed +1 falchion of No More Talking {venom, Int+3} (You found it on level 4 of the Shoals)
 72122 | Shoals:4 | Noticed Ilsuiw
 72127 | Shoals:4 | Killed Ilsuiw
 72781 | Shoals:4 | Reached XP level 21. HP: 144/184 MP: 36/36
 74599 | Shoals:4 | Got a barnacled rune of Zot
 74929 | Lair:1   | Learned a level 8 spell: Ignition
 75077 | Elf:1    | Entered Level 1 of the Elven Halls
 75123 | Orc:2    | Received a gift from Okawaru
 75126 | Orc:2    | Got an ancient battleaxe {god gift}
 75127 | Orc:2    | Identified the +11 battleaxe of tilp's Fortitude {chop, rF+ rC+ MR+ Stlth+} (Okawaru gifted it to you on level 2 of the Orcish Mines)
 76447 | Elf:1    | Reached skill level 10 in Dodging
 76651 | Elf:1    | Reached skill level 15 in Conjurations
 77177 | Elf:1    | Received a gift from Okawaru
 78505 | Elf:2    | Found a runed gate.
 78505 | Elf:2    | Found a runed gate.
 78505 | Elf:2    | Found a runed gate.
 78808 | Elf:2    | Got a transparent helmet
 78814 | Elf:2    | Identified the +2 helmet of Ymeconno {rElec} (You found it on level 2 of the Elven Halls)
 78837 | Elf:2    | Found Peush's Assorted Antiques.
 78844 | Elf:2    | Bought a potion of haste for 270 gold pieces
 78967 | Elf:3    | Entered Level 3 of the Elven Halls
 79329 | Elf:3    | Noticed Asterion
 79341 | Elf:3    | Killed Asterion
 79921 | Lair:1   | Learned a level 5 spell: Iskenderun's Battlesphere
 80083 | Crypt:1  | Entered Level 1 of the Crypt
 80118 | Vaults:3 | Paralysed by a vampire knight for 5 turns
 80122 | Vaults:3 | Slain by a vampire knight

Vault maps used:
D:1:      dpeg_arrival_arbitrary_c
D:2:      lemuel_round_altar, first_bread
D:3:      lemuel_coloured_pillars_altar, lemuel_round_altar,
          guppyfry_early_lair_pool, uniq_robin
D:4:      minmay_temple_entry_mist, serial_park_tiny_pond, uniq_eustachio
D:5:      lemuel_round_altar, serial_shops, shop
D:6:      hangedman_ru_absence, serial_shops, nicolae_shop_trees, uniq_grinder
D:7:      serial_park_tiny_2, grunt_ogre_cave
D:8:      gammafunk_temple_overflow_wave, serial_glass, glass_columns_c,
          glass_columns_c, due_unseen_surprise, feat_on_display, uniq_erica
D:9:      chequers_temple_overflow_minitemple, zombieorc2_lemuel,
          hangedman_abyss_or_decor_lesser_grid
D:10:     fedhas_altar_3
D:11:     grunt_lair_entry_orc_guard_hut, portal_ice_cave_rime, uniq_maurice,
          uniq_erolcha
D:13:     special_room, nicolae_two_hexagons, due_unseen_surprise
D:14:     minmay_swirls_squares, erik_vaults_2, minmay_misc_feat_more_columns,
          serial_shops, shop_fountains
D:15:     hangedman_depths_entry_try_elsewhere_first, minmay_misc_feat_plants
Temple:   nicolae_temple_x_marks_the_god
Lair:2:   grunt_megastairs_3, infiniplex_staircase_pool
Lair:3:   st_stairs_10, minivault_24, beast_lair_carwin_3
Lair:4:   shoals_dummy_entry, guppyfry_snake_entry_island,
          eino_house_with_fridge
Lair:5:   lemuel_slime
Lair:6:   hangedman_lair_tendril_chambers, slime_dummy, bobbens_ice_dragon_lair
Shoals:1: cheibrodos_shoals_epimethial_gifts, serial_shops,
          nicolae_shop_statue_plus, shop, uniq_donald
Shoals:2: nicolae_shoals_so_close
Shoals:4: shoals_end_grunt_ice, shoals_ilsuiw_alternative,
          nicolae_shoals_circle_sea_wall, nicolae_shoals_undead_eyrie
Snake:1:  grunt_megastairs_2, minmay_shop_grove
Snake:2:  serial_shops, shop_coins, shop, shop
Snake:3:  gammafunk_sealed_library, uniq_bai_suzhen
Snake:4:  grunt_snake_rune_serpentine_throne
Orc:1:    nicolae_orc_flooded_monolith, okawaru_metal_pillars_1_2, uniq_urug
Orc:2:    kennysheep_orc_mage_school, basic_altar
Elf:1:    kennysheep_room_grid, minivault_28
Elf:2:    serial_shops, nicolae_shop_competitors_out_of_business
Elf:3:    minmay_elf_hall_not_hex, chequers_big_river, item_on_display_b,
          uniq_asterion
Vaults:1: st_lattice, v_misc_23, v_misc_30, vaults_mumra_chevron,
          hangedman_vaults_stream, vaults_dpeg_diagonal, v_misc_27,
          vaults_dpeg_hooks, nicolae_vaults_little_squares_4,
          vaults_room_corners, nicolae_vaults_alarming, serial_shops,
          shop_fountains, shop, nicolae_shop_stone
Vaults:2: hangedman_vaults_maws, v_rooms_1, grunt_vaults_twisty,
          ontoclasm_vaults_eye, hangedman_vaults_maws,
          nicolae_vaults_big_angled_halls,
          vaults_standard_mumra_enter_the_diamond,
          ontoclasm_vaults_claustrophobia, vaults_room_hallway,
          ontoclasm_vaults_fault, ontoclasm_vaults_decontamination,
          serial_shops, nicolae_shop_stone, uniq_mennas
Vaults:3: hangedman_vaults_cutoff, v_alt_pattern_1, hangedman_vaults_snaps,
          minmay_crypt_entry_simple_round, vaults_room_fancy_cross,
          stair_cage_open, v_misc_18, vaults_room_grid, dpeg_vaults_monster_box,
          v_misc_23, st_more_cells, vaults_room_grunt_arrival_ludios,
          nicolae_vaults_specimen_jars, serial_shops, shop,
          nicolae_trove_entry_crystal
Vaults:4: nicolae_vaults_network_star, v_misc_24, ontoclasm_vaults_gallery,
          v_misc_14, ontoclasm_vaults_twist, nicolae_vaults_network_square,
          nicolae_vaults_network_s, vaults_room_corners, vaults_room_fours,
          nicolae_vaults_theta, vaults_room_pool,
          vaults_mumra_minichess_inversion
Crypt:1:  cheibrodos_crypt_draghalla, minivault_26

Skill      XL: |  1  2  3  4  5  6  7  8  9 10 11 12 13 14 15 16 17 18 19 20 21 |
---------------+----------------------------------------------------------------+-----
Conjurations   | 2 3 4 5 7 9 11 13 14 15 | 15.5
Fire Magic     | 4 5 6 7 8 10 12 14 15 16 | 16.8
Spellcasting   | 2 3 5 6 7 8 9 10 11 | 11.1
Invocations    | 3 7 9 10 | 10.0
Fighting       | 3 7 9 10 14 15 | 15.3
Dodging        | 2 5 6 9 10 | 10.7
Evocations     | 3 6 8 |  8.0
Polearms       | 5 6 |  6.0
Armour         | 4 6 9 12 | 12.0
Axes           | 5 10 12 15 17 19 20 | 20.2
Stealth        | |  1.6

Action                   |  1- 3 |  4- 6 |  7- 9 | 10-12 | 13-15 | 16-18 | 19-21 || total
-------------------------+-------+-------+-------+-------+-------+-------+-------++-------
Melee: Hand axe          |     5 |       |       |       |       |       |       ||     5
       Short sword       |    42 |    60 |   317 |   523 |       |       |       ||   942
       Spear             |       |       |       |   413 |  1575 |   168 |       ||  2156
       Staff             |       |       |       |    62 |       |       |       ||    62
       Punch             |       |       |       |     2 |    12 |     4 |       ||    18
       Scimitar          |       |       |       |     2 |       |       |       ||     2
       Battleaxe         |       |       |       |       |    28 |   960 |  1401 ||  2389
       Executioner's axe |       |       |       |       |       |       |    14 ||    14
 Fire: Hunting sling     |    18 |    69 |     7 |       |       |       |       ||    94
Throw: Stone             |     8 |       |       |       |       |       |       ||     8
       Tomahawk          |     2 |       |       |       |       |       |       ||     2
 Cast: Flame Tongue      |    36 |    89 |   144 |   235 |    86 |    26 |     1 ||   617
       Conjure Flame     |       |     5 |    14 |    50 |   143 |    48 |    23 ||   283
       Throw Flame       |       |     2 |    14 |    18 |   110 |   226 |    30 ||   400
       Sticky Flame      |       |       |    14 |    31 |   101 |   120 |   100 ||   366
       Fireball          |       |       |       |       |    11 |    16 |     7 ||    34
       Throw Frost       |       |       |       |       |     6 |     9 |       ||    15
       Freeze            |       |       |       |       |     4 |    14 |       ||    18
       Bolt of Magma     |       |       |       |       |       |     1 |     8 ||     9
       Throw Icicle      |       |       |       |       |       |     2 |     1 ||     3
       Animate Skeleton  |       |       |       |       |       |       |    20 ||    20
       Bolt of Fire      |       |       |       |       |       |       |    31 ||    31
Invok: Heroism           |       |       |    10 |    13 |    29 |    18 |    19 ||    89
       Finesse           |       |       |       |       |     5 |     2 |     4 ||    11
 Abil: Evoke Blink       |       |       |       |       |       |     1 |       ||     1
Evoke: Wand              |       |       |       |     2 |     1 |       |       ||     3
  Use: Scroll            |       |       |     6 |    15 |    23 |     6 |    28 ||    78
       Potion            |       |       |     1 |     2 |     2 |     8 |    12 ||    25
 Stab: Confused          |       |       |       |     1 |       |       |       ||     1
       Distracted        |       |       |       |       |     2 |       |     2 ||     4
       Sleeping          |       |       |       |       |     1 |     1 |     3 ||     5
  Eat: Chunk             |     2 |     5 |    11 |    23 |    27 |    18 |    18 ||   104
       Meat ration       |       |     1 |     1 |     1 |     2 |     4 |     4 ||    13
       Royal jelly       |       |       |     1 |     1 |     8 |     8 |    12 ||    30
       Bread ration      |       |       |     1 |       |     2 |     3 |     3 ||     9
       Fruit             |       |       |       |       |     2 |       |       ||     2
Armor: Robe              |    22 |    33 |     1 |       |    10 |       |       ||    66
       Scale mail        |       |       |   233 |   487 |   592 |   627 |   529 ||  2468
Dodge: Dodged            |    48 |    59 |   216 |   453 |   741 |   586 |   560 ||  2663
Block: Other             |       |       |       |   150 |   348 |   312 |   287 ||  1097
       Reflection        |       |       |       |     3 |    16 |    46 |    26 ||    91

Table legend:
 A = Spawn XP
 B = Non-spawn XP
 C = Spawn XP percentage of total XP
 D = Spawn monster count
 E = Non-spawn monster count
 F = Spawn count percentage of total count
 G = Total turns spent on level
                    A         B        C        D         E        F      G
               +---------+---------+-------+---------+---------+-------+---------
         Total |   12051 |  574390 |   2.1 |      22 |    1504 |   1.4 | 80122
               +---------+---------+-------+---------+---------+-------+---------
           D:1 |       0 |      19 |   0.0 |       0 |      12 |   0.0 |   919
           D:2 |       0 |      98 |   0.0 |       0 |      26 |   0.0 |  1076
           D:3 |       0 |     151 |   0.0 |       0 |      32 |   0.0 |  1316
           D:4 |       0 |     558 |   0.0 |       0 |      17 |   0.0 |  1213
           D:5 |       0 |    1105 |   0.0 |       0 |       9 |   0.0 |  1537
           D:6 |       0 |    1687 |   0.0 |       0 |      26 |   0.0 |  1532
           D:7 |       0 |    1021 |   0.0 |       0 |      24 |   0.0 |  1091
           D:8 |       0 |    1895 |   0.0 |       0 |      17 |   0.0 |  1499
           D:9 |       0 |    2309 |   0.0 |       0 |      62 |   0.0 |  1733
          D:10 |       0 |    4908 |   0.0 |       0 |      36 |   0.0 |  1303
          D:11 |       0 |    7476 |   0.0 |       0 |      40 |   0.0 |  1929
          D:12 |       0 |    4012 |   0.0 |       0 |      21 |   0.0 |  1625
          D:13 |       0 |   10326 |   0.0 |       0 |      59 |   0.0 |  2017
          D:14 |       0 |   16623 |   0.0 |       0 |      37 |   0.0 |  1780
          D:15 |       0 |   13326 |   0.0 |       0 |      31 |   0.0 |  1163
        Lair:1 |       0 |    1811 |   0.0 |       0 |      11 |   0.0 |  1460
        Lair:2 |       0 |    5406 |   0.0 |       0 |      26 |   0.0 |  1461
        Lair:3 |       0 |    4882 |   0.0 |       0 |      21 |   0.0 |  1272
        Lair:4 |       0 |    3477 |   0.0 |       0 |      21 |   0.0 |  1825
        Lair:5 |       0 |    4558 |   0.0 |       0 |      31 |   0.0 |  1121
        Lair:6 |       0 |   27445 |   0.0 |       0 |      91 |   0.0 |  3408
      Shoals:1 |       0 |   18946 |   0.0 |       0 |      34 |   0.0 |  2878
      Shoals:2 |       0 |   13382 |   0.0 |       0 |      29 |   0.0 |  2451
      Shoals:3 |       0 |   22782 |   0.0 |       0 |      40 |   0.0 |  2646
      Shoals:4 |       0 |   40283 |   0.0 |       0 |      71 |   0.0 |  2910
       Snake:1 |       0 |   11112 |   0.0 |       0 |      25 |   0.0 |  2800
       Snake:2 |       0 |   13705 |   0.0 |       0 |      21 |   0.0 |  2194
       Snake:3 |       0 |   26574 |   0.0 |       0 |      47 |   0.0 |  3819
       Snake:4 |       0 |   64877 |   0.0 |       0 |      90 |   0.0 |  5299
         Orc:1 |       0 |    2984 |   0.0 |       0 |      48 |   0.0 |  1350
         Orc:2 |       0 |   11920 |   0.0 |       0 |      70 |   0.0 |  3649
         Elf:1 |       0 |   39524 |   0.0 |       0 |      65 |   0.0 |  2187
         Elf:2 |       0 |   20687 |   0.0 |       0 |      36 |   0.0 |  1158
         Elf:3 |       0 |   11249 |   0.0 |       0 |      18 |   0.0 |   806
      Vaults:1 |       0 |   26841 |   0.0 |       0 |      58 |   0.0 |  3492
      Vaults:2 |       0 |   37303 |   0.0 |       0 |      63 |   0.0 |  3143
      Vaults:3 |       0 |   66209 |   0.0 |       0 |     104 |   0.0 |  3942
      Vaults:4 |       0 |   30955 |   0.0 |       0 |      31 |   0.0 |  2381
       Crypt:1 |       0 |    1164 |   0.0 |       0 |       2 |   0.0 |    26
       Abyss:3 |   12051 |     800 |  93.8 |      22 |       2 |  91.7 |   632
               +---------+---------+-------+---------+---------+-------+---------
